 Dungeon Crawl Stone Soup version 0.18.1-1-g2f07953 (webtiles) character file.

2364 Charly the Martial Artist (level 9, 0/42 HPs)
             Began as a Vine Stalker Transmuter on May 7, 2016.
             Was a Believer of Cheibriados.
             Slain by a spiny frog (2 damage)
             ... on level 3 of the Lair of Beasts.
             The game lasted 00:45:21 (2053 turns).

Charly the Martial Artist (Vine Stalker Transmuter) Turns: 2053, Time: 00:45:22

Health: 0/42       AC:  1    Str: 17    XL:     9   Next: 44%
Magic:  0/18       EV: 13    Int: 29    God:    Cheibriados [**....]
Gold:   118        SH:  0    Dex: 19    Spells: 3 memorised, 8 levels left

rFire  . . .     SeeInvis .       - Unarmed
rCold  . . .     Gourm    .     g - -2 leather armour (curse)
rNeg   . . .     Faith    .     (no shield)
rPois  .         Spirit   +     (no helmet)
rElec  .         Dismiss  .     (no cloak)
rCorr  .         Reflect  .     (no gloves)
SustAt .         Harm     .     (no boots)
MR     +....                    (no amulet)
Stlth  +.........               b - +3 ring of intelligence
                                t - +6 ring of intelligence

@: very slow, somewhat resistant to hostile enchantments, very unstealthy
A: fangs 3, hooves 1, regeneration 2, magic shield, antimagic bite, no device
heal 3, rot immunity
a: Bend Time, Renounce Religion


You were on level 3 of the Lair of Beasts.
You worshipped Cheibriados.
Cheibriados was pleased with you.
You were full.

You visited 4 branches of the dungeon, and saw 15 of its levels.

You collected 118 gold pieces.

Inventory:

Missiles
 a - 76 arrows
Armour
 g - a cursed -2 leather armour (worn)
 z - a +3 leather armour
Magical Staves
 x - an uncursed staff of fire
Jewellery
 b - a +3 ring of intelligence (right hand)
 t - a +6 ring of intelligence (left hand)
Wands
 c - a wand of iceblast (9/15)
 k - a wand of polymorph (9/24)
 u - a wand of confusion (19/48)
 y - a wand of heal wounds (4/9)
Potions
 f - a potion of lignification {unknown}
 h - 3 potions of curing
 i - a potion of cancellation {unknown}
 j - a potion of agility {unknown}
 p - 2 potions of mutation {unknown}
 v - 2 potions of beneficial mutation
Comestibles
 d - 2 bread rations
 m - 3 meat rations


   Skills:
 + Level 2.2 Fighting
 + Level 2.6 Dodging
 + Level 8.8 Unarmed Combat
 - Level 5.8 Spellcasting
 + Level 6.8 Transmutations


You had 8 spell levels left.
You knew the following spells:

 Your Spells              Type           Power        Failure   Level  Hunger
h - Blade Hands           Trmt           #####.....   14%         5    #####..
s - Sticks to Snakes      Trmt           #####...     1%          2    None
I - Ice Form              Ice/Trmt       ####....     21%         4    ###....


Dungeon Overview and Level Annotations

Branches:
Dungeon (10/15)            Temple (1/1) D:6            Lair (3/8) D:9
    Orc (1/2) D:9
  Swamp: Lair:3-6    Shoals: Lair:3-6     Snake: Lair:3-6    Spider: Lair:3-6

Altars:
Ashenzari
Cheibriados
Fedhas
Kikubaaqudgha
Qazlal
Sif Muna
Xom

Annotations:
D:10 Fannar, Psyche


Innate Abilities, Weirdness & Mutations

You have razor-sharp teeth.
You heal very quickly.
When hurt, damage is shared between your health and your magic reserves.
Your bite disrupts and absorbs the magic of your enemies.
Potions and wands cannot restore your health.
You are immune to rotting.
You have large cloven feet.


Message History

Your feet thicken and deform.
You feel fantastic! The spiny frog barely misses you.
Drink which item? (? for menu, Esc to quit)
Okay, then.
You aren't carrying any spellbooks or scrolls.
Unknown command.
Drop what? 18/52 slots (_ for help) (? for menu, Esc to quit)
Okay, then.
You hit the spiny frog but do no damage.
You kick the spiny frog, but do no damage.
Your bite misses the spiny frog. The spiny frog stings you.
* * * LOW HITPOINT WARNING * * *
You hear a blaring wail to the northwest.
You hear an angry hiss. x7
Unknown command.
You hit the spiny frog but do no damage.
You bite the spiny frog. You drain its power.
You feel invigorated.
The spiny frog is lightly wounded.
The spiny frog stings you!
You die...

.............#
.............
♣..........
♣........#
♣./.r...#
♣..r....##
♣...rr...#
♣...@...#
♣....F...#
♣........#
♣♣.......#
♣....##..#
♣♣... ..P ♣...
..## #♣.# #.P


You could see a spiny frog and 4 river rats.

Vanquished Creatures
  A hill giant (D:9)
  A centaur skeleton (D:8)
  4 water moccasins
  2 hell hounds (D:9)
  A phantom (D:7)
  An ogre (D:7)
  A crocodile (Lair:2)
  3 giant frogs
  A water moccasin zombie (D:7)
  A howler monkey (D:6)
  A centaur zombie (D:9)
  3 hounds
  A jelly (D:10)
  An orc priest (D:9)
  2 iguanas
  An orc wizard (D:9)
  2 worker ants
  8 adders
  2 river rats (Lair:3)
  A worm (D:2)
  15 orcs
  A ball python (D:2)
  2 bats
  A giant cockroach (D:4)
  3 goblins (D:5)
  A hobgoblin (D:5)
  6 jackals
  3 kobolds
  2 quokkas
  A giant newt (D:3)
  2 rats (D:2)
75 creatures vanquished.

Vanquished Creatures (collateral kills)
  A crimson imp (D:7)
  A worker ant (D:8)
  An adder (D:4)
3 creatures vanquished.

Vanquished Creatures (others)
  3 fungi (Lair:2)
3 creatures vanquished.

Grand Total: 81 creatures vanquished

Notes
Turn   | Place    | Note
--------------------------------------------------------------
     0 | D:1      | Charly the Vine Stalker Transmuter began the quest for the Orb.
     0 | D:1      | Reached XP level 1. HP: 9/9 MP: 4/4
   133 | D:2      | Reached XP level 2. HP: 14/14 MP: 3/6
   145 | D:2      | Learned a level 2 spell: Sticks to Snakes
   191 | D:3      | -3
   274 | D:5      | Entered Level 5 of the Dungeon
   293 | D:5      | Got a polished dagger
   294 | D:5      | Identified the cursed +1 dagger of Vocupn {flame, Dex+5 Stlth-} (You found it on level 5 of the Dungeon)
   320 | D:6      | Noticed a howler monkey
   327 | D:6      | Killed a howler monkey
   327 | D:6      | Reached XP level 3. HP: 13/17 MP: 3/7
   334 | D:6      | Reached skill level 4 in Unarmed Combat
   339 | D:6      | Learned a level 3 spell: Spider Form
   345 | D:6      | Reached XP level 4. HP: 17/21 MP: 8/8
   479 | D:7      | Noticed an ogre
   500 | D:7      | Killed an ogre
   500 | D:7      | Reached skill level 5 in Unarmed Combat
   500 | D:7      | Reached XP level 5. HP: 25/25 MP: 6/9
   536 | D:10     | Entered Level 10 of the Dungeon
   542 | D:10     | Got a warped ring mail
   557 | D:10     | Identified the +3 ring mail of the Eight Places {rElec Regen+ Str-5 Int-5} (You found it on level 10 of the Dungeon)
   564 | D:10     | Noticed Psyche
   565 | D:10     | Noticed a slime creature
   569 | D:10     | Noticed a slime creature
   607 | D:7      | Reached skill level 6 in Unarmed Combat
   607 | D:7      | Gained mutation: You heal very quickly. [Vine Stalker growth]
   607 | D:7      | Reached XP level 6. HP: 14/29 MP: 1/10
   865 | D:6      | Found an ancient bone altar of Kikubaaqudgha.
   881 | D:6      | 29/10
   899 | D:6      | Found a staircase to the Ecumenical Temple.
   908 | Temple   | Entered the Ecumenical Temple
   936 | Temple   | Became a worshipper of Cheibriados the Contemplative
  1022 | D:8      | Noticed a phantom
  1023 | D:8      | Noticed an orc warrior
  1105 | D:7      | HW...
  1152 | D:7      | Reached XP level 7. HP: 25/32 MP: 7/12
  1153 | D:7      | 32/12
  1260 | D:7      | Learned a level 5 spell: Blade Hands
  1412 | D:10     | Noticed a slime creature
  1511 | D:9      | Reached * piety under Cheibriados
  1557 | D:8      | Reached skill level 7 in Unarmed Combat
  1557 | D:8      | Reached skill level 5 in Transmutations
  1557 | D:8      | Gained mutation: You have razor-sharp teeth. [Vine Stalker growth]
  1557 | D:8      | Reached XP level 8. HP: 18/37 MP: 5/15
  1614 | D:10     | Noticed a yak
  1617 | D:10     | Noticed Fannar
  1643 | D:9      | Found a staircase to the Orcish Mines.
  1657 | Orc:1    | Entered Level 1 of the Orcish Mines
  1661 | Orc:1    | Noticed an orc sorcerer
  1680 | D:9      | Noticed a hill giant
  1694 | D:9      | Killed a hill giant
  1694 | D:9      | Reached skill level 8 in Unarmed Combat
  1694 | D:9      | Reached skill level 5 in Spellcasting
  1765 | D:9      | Found a staircase to the Lair.
  1774 | D:9      | Reached XP level 9. HP: 27/40 MP: 12/18
  1786 | Lair:1   | Entered Level 1 of the Lair of Beasts
  1792 | Lair:1   | Learned a level 4 spell: Ice Form
  1795 | Lair:1   | Noticed a spiny frog
  1801 | Lair:1   | Reached skill level 1 in Fighting
  1833 | Lair:2   | Noticed an eight-headed hydra
  1833 | Lair:2   | Noticed a black mamba
  1858 | Lair:2   | Reached ** piety under Cheibriados
  1882 | Lair:2   | HP: 1/42 [blink frog (5)]
  2007 | Lair:1   | Noticed a five-headed hydra
  2011 | Lair:1   | HP: 2/42 [crocodile (14)]
  2029 | Lair:2   | Noticed a rime drake
  2045 | Lair:3   | Noticed a spiny frog
  2046 | Lair:3   | HP: 2/42 [river rat (3)]
  2051 | Lair:3   | Gained mutation: You have large cloven feet. [potion of beneficial mutation]
  2052 | Lair:3   | HP: 1/42 [spiny frog (1)]
  2053 | Lair:3   | Slain by a spiny frog

Skill      XL: |  1  2  3  4  5  6  7  8  9 |
---------------+----------------------------+-----
Transmutations | 3 5 6 |  6.8
Unarmed Combat | 4 5 6 7 8 |  8.8
Spellcasting   | 3 4 5 |  5.8
Fighting       | 2 |  2.2
Dodging        | 2 |  2.6

Action                   |  1- 3 |  4- 6 |  7- 9 || total
-------------------------+-------+-------+-------++-------
Melee: Unarmed           |    34 |    58 |   143 ||   235
       Bite              |     9 |     8 |    18 ||    35
       Kick              |     1 |       |     1 ||     2
       Dagger            |     8 |    18 |     8 ||    34
       Punch             |       |       |     2 ||     2
Throw: Javelin           |     5 |       |       ||     5
 Cast: Beastly Appendage |     1 |       |       ||     1
       Sticks to Snakes  |     4 |     6 |     2 ||    12
       Spider Form       |       |    12 |    11 ||    23
       Blade Hands       |       |       |     7 ||     7
       Ice Form          |       |       |     1 ||     1
 Abil: End Transformatio |       |       |     1 ||     1
Evoke: Wand              |       |       |     3 ||     3
  Use: Scroll            |       |     1 |    11 ||    12
       Potion            |       |       |     1 ||     1
 Stab: Sleeping          |     1 |       |       ||     1
       Distracted        |       |     1 |       ||     1
       Confused          |       |       |     2 ||     2
  Eat: Beef jerky        |     1 |     1 |       ||     2
       Pizza             |     1 |       |     1 ||     2
       Fruit             |     2 |     3 |     3 ||     8
Armor: Robe              |     5 |       |       ||     5
       Leather armour    |       |       |     3 ||     3
       Skin              |       |       |     9 ||     9
Dodge: Dodged            |    29 |    66 |   105 ||   200
